Panthers vs MapleLeafs

Created - Friday, March 27, 2015 at 01:58

Goals
1 2 3 T
Panthers 0 1 0 1
MapleLeafs 2 4 3 9
Shots
1 2 3 T
Panthers 10 3 13 26
MapleLeafs 5 26 10 41

1st period

1. MapleLeafs , Brandon Sutter 11 (Lee Stempniak, Carl Gunnarsson) at 9:07
2. MapleLeafs , Drew Doughty 23 (Alexander Steen, Brandon Sutter) at 19:35 (SH)

Penalties :
Jarred Tinordi (Tor) for Hooking (Minor) at 1:53, Paul Ranger (Fla) for Hooking (Minor) at 10:17, Drew Doughty (Tor) for High sticking (Minor) at 15:09, Zack Smith (Tor) for Hooking (Minor) at 18:09

2nd period

3. MapleLeafs , Drew Doughty 24 (Alexander Steen, James Neal) at 3:48
4. MapleLeafs , Gregory Campbell 3 (Dan Girardi, Lee Stempniak) at 5:23
5. Panthers , Alex Galchenyuk 26 (Dustin Penner, Seth Jones) at 13:39
6. MapleLeafs , James Neal 46 (Carl Gunnarsson, Alexander Steen) at 13:53
7. MapleLeafs , James Neal 47 (Alexander Steen, Drew Doughty) at 17:21

Penalties :
Alex Galchenyuk (Fla) for Holding (Minor) at 19:53

3rd period

8. MapleLeafs , James van Riemsdyk 32 (Dan Girardi, Cory Schneider) at 0:51 (PP)
9. MapleLeafs , Gregory Campbell 4 (Brandon Sutter, Lee Stempniak) at 2:30
10. MapleLeafs , Dan Girardi 12 (Ryan Kesler, Chris Kunitz) at 10:09

Penalties :
James Neal (Tor) for Elbowing (Minor) at 11:27, Paul Ranger (Fla) for Hooking (Minor) at 19:03

Goalie Stats

Cal Heeter (Fla), 20 saves from 25 shots - (0.800), L, 7-38-0, 42:53 minutes
Eddie Lack (Fla), 12 saves from 16 shots - (0.750), 17:07 minutes
Cory Schneider (Tor), 25 saves from 26 shots - (0.962), W, 39-12-10, 60:00 minutes

Players Stats for Panthers

Player Name              G  A  P  +/- PIM S  H  SB GA TA FO     MP     PP MP  PK MP  
------------------------------------------------------------------------------------
Adam Larsson             0  0  0  -2  0   0  0  0  0  0  0/0    13:40   0:00   0:08 
Alex Galchenyuk          1  0  1   0  2   3  1  0  3  0  6/14   18:55   4:22   0:00 
Andrei Loktionov         0  0  0   0  0   0  0  0  4  0  1/4     5:47   0:00   0:00 
Brad Boyes               0  0  0  -2  0   3  2  0  1  0  6/17   17:02   4:09   0:00 
Calvin de Haan           0  0  0  -4  0   4  1  2  1  1  0/0    19:54   3:08   0:08 
Charlie Coyle            0  0  0  -2  0   2  1  0  3  1  1/1    17:20   3:53   0:18 
Colin McDonald           0  0  0   0  0   0  1  0  0  0  0/0     5:47   0:00   0:00 
David Booth              0  0  0  -5  0   0  2  2  0  0  0/1    16:40   0:34   0:00 
Dustin Penner            0  1  1  -1  0   1  2  0  2  1  2/9    21:35   3:41   3:35 
Jake Gardiner            0  0  0   0  0   1  0  0  0  1  0/0     4:15   0:00   0:00 
Jakob Silfverberg        0  0  0  -4  0   0  1  1  1  0  0/0    14:56   0:00   0:00 
Josh Bailey              0  0  0  -5  0   5  2  0  1  0  5/11   19:13   4:03   0:00 
Marco Scandella          0  0  0  -1  0   2  1  1  0  3  0/0    26:34   4:48   3:45 
Matt D'Agostini          0  0  0   0  0   2  1  0  0  1  1/3    15:11   0:06   1:05 
Paul Ranger              0  0  0  -4  4   0  1  0  0  0  0/0    20:31   3:08   0:00 
Ron Hainsey              0  0  0  -2  0   0  1  0  0  1  0/0    13:32   0:00   0:00 
Seth Jones               0  1  1  -1  0   3  1  2  2  1  0/0    22:19   4:48   3:45 
Shawn Horcoff            0  0  0  -2  0   0  2  0  0  1  2/2    22:53   3:00   2:48 

Players Stats for MapleLeafs

Player Name              G  A  P  +/- PIM S  H  SB GA TA FO     MP     PP MP  PK MP  
------------------------------------------------------------------------------------
Alexander Steen          0  4  4   4  0   5  2  1  1  0  0/0    22:11   2:06   3:52 
Brandon Sutter           1  2  3   4  0   3  1  0  1  0  5/14   15:53   0:00   3:52 
Carl Gunnarsson          0  2  2   3  0   1  0  3  0  1  0/0    21:50   0:42   4:45 
Chris Kunitz             0  1  1   0  0   1  0  0  2  0  0/0    13:44   1:47   0:00 
Dan Girardi              1  2  3   5  0   4  2  2  1  3  0/0    26:02   3:11   4:28 
Dominic Moore            0  0  0   0  0   0  0  0  1  0  0/0     8:11   0:00   0:00 
Drew Doughty             2  1  3   5  2   4  1  2  3  0  0/0    24:02   3:11   2:29 
Francis Bouillon         0  0  0  -1  0   1  2  1  0  1  0/0    13:25   0:00   0:00 
Gregory Campbell         2  0  2   3  0   4  2  0  0  0  0/0    15:54   0:00   4:04 
James Neal               2  1  3   3  2   4  3  0  3  0  0/0    17:59   2:06   0:00 
James van Riemsdyk       1  0  1   0  0   2  1  0  1  0  0/1    13:44   1:47   0:00 
Jarred Tinordi           0  0  0  -1  2   2  2  0  0  1  0/0    14:14   0:00   0:42 
Joe Thornton             0  0  0   3  0   3  2  0  0  0  18/22  17:48   2:06   0:00 
Karl Alzner              0  0  0   3  0   1  1  2  0  2  0/0    20:33   0:42   3:28 
Lee Stempniak            0  3  3   3  0   3  1  0  1  0  0/1    11:30   0:00   0:00 
Matt Beleskey            0  0  0   0  0   1  2  0  0  0  1/1     8:11   0:00   0:00 
Ryan Kesler              0  1  1   0  0   2  2  0  2  0  12/19  18:08   1:47   4:04 
Zack Smith               0  0  0   0  2   0  0  0  6  0  2/4     8:41   0:00   0:00 

3 Stars

1 - Dan Girardi (Tor)
2 - Drew Doughty (Tor)
3 - Alexander Steen (Tor)

Power Play

Panthers - 0 on 4 Attempt(s) - 0.00%
MapleLeafs - 1 on 3 Attempt(s) - 33.33%

Penalty Kill

Panthers - 2 on 3 Attempt(s) - 66.67% - Score 0 goal in Penalty Kill
MapleLeafs - 4 on 4 Attempt(s) - 100.00% - Score 1 goal in Penalty Kill

Team Stat

Panthers - Hits : 20 - Faceoff Wins : 24 - Blocked Shots : 8 - Penalty Minutes : 6
MapleLeafs - Hits : 24 - Faceoff Wins : 38 - Blocked Shots : 11 - Penalty Minutes : 8

Official

Referees : Unknown
Linesman : Unknown

Game Notes

Eddie Lack enters game at 5:23 of 2nd period
Cal Heeter enters game at 2:30 of 3rd period

Finance

Level 1 -- Attendance: 6000 (100.00%) -- Ticket Income $492,000
Level 2 -- Attendance: 4983 (99.66%) -- Ticket Income $264,099
Level 3 -- Attendance: 2000 (100.00%) -- Ticket Income $46,000
Level 4 -- Attendance: 3285 (82.13%) -- Ticket Income $62,415
Luxury Box -- Attendance: 1000 (100.00%) -- Ticket Income $175,000
Game was played at the Air Canada Centre'
Total Attendance: 17268 (95.93%)
Total Ticket Income: $1,039,514
Other Income: $509,362
Total Income: $1,548,876

Panthers

5 vs 5 Forward 
   Center                   Left Wing                Right Wing               Time % Phy DF OF 
 1 Brad Boyes               Shawn Horcoff            Charlie Coyle            35     1   2  2  
 2 Josh Bailey              Jakob Silfverberg        David Booth              30     1   2  2  
 3 Alex Galchenyuk          Dustin Penner            Matt D'Agostini          22     1   2  2  
 4 Andrei Loktionov         Colin McDonald           Shawn Horcoff            13     1   2  2  

5 vs 5 Defense 
   Defense                  Defense                                           Time % Phy DF OF 
 1 Marco Scandella          Seth Jones                                        35     1   2  2  
 2 Calvin de Haan           Paul Ranger                                       30     1   2  2  
 3 Ron Hainsey              Adam Larsson                                      22     1   2  2  
 4 Jake Gardiner            Marco Scandella                                   13     1   2  2  

PowerPlay Forward 
   Center                   Left Wing                Right Wing               Time % Phy DF OF 
 1 Brad Boyes               Shawn Horcoff            Charlie Coyle            60     1   2  2  
 2 Josh Bailey              Alex Galchenyuk          Dustin Penner            40     1   2  2  

PowerPlay Defense
   Defense                  Defense                                           Time % Phy DF OF 
 1 Marco Scandella          Seth Jones                                        60     1   2  2  
 2 Calvin de Haan           Paul Ranger                                       40     1   2  2  

Penalty Kill 4 Players Forward 
   Center                   Wing                     Time % Phy DF OF 
 1 Dustin Penner            Shawn Horcoff            60     1   2  2  
 2 Charlie Coyle            Matt D'Agostini          40     1   2  2  

Penalty Kill 4 Players Defense
   Defense                  Defense                  Time % Phy DF OF 
 1 Marco Scandella          Seth Jones               60     1   2  2  
 2 Calvin de Haan           Paul Ranger              40     1   2  2  

Penalty Kill - 3 Players Forward 
   Forward                                           Time % Phy DF OF 
 1 Charlie Coyle                                     60     1   2  2  
 2 Shawn Horcoff                                     40     1   2  2  

Penalty Kill - 3 Players Defense
   Defense                  Defense                  Time % Phy DF OF 
 1 Marco Scandella          Adam Larsson             60     1   2  2  
 2 Calvin de Haan           Paul Ranger              40     1   2  2  

4 vs 4 Forward 
   Center                   Wing                     Time % Phy DF OF 
 1 Dustin Penner            Shawn Horcoff            60     1   2  2  
 2 Charlie Coyle            Brad Boyes               40     1   2  2  

4 vs 4 Defense
   Defense                  Defense                  Time % Phy DF OF 
 1 Marco Scandella          Adam Larsson             60     1   2  2  
 2 Calvin de Haan           Paul Ranger              40     1   2  2  

Last Minutes Offensive
   Center                   Left Wing                Right Wing               Defense                  Defense                  
   Brad Boyes               Shawn Horcoff            Charlie Coyle            Marco Scandella          Seth Jones               

Last Minutes Defensive
   Center                   Left Wing                Right Wing               Defense                  Defense                  
   Brad Boyes               Shawn Horcoff            Charlie Coyle            Marco Scandella          Seth Jones               

Goaltenders
Starting : Cal Heeter               
Backup : Eddie Lack               

Extra Forwards
Normal : Dustin Penner, Alex Galchenyuk, Matt D'Agostini - PP : Dustin Penner, Alex Galchenyuk - PK : Matt D'Agostini
Extra Defensemen
Normal : Marco Scandella, Adam Larsson, Paul Ranger - PP : Marco Scandella - PK : Adam Larsson, Marco Scandella
Penalty Shots
Alex Galchenyuk, Shawn Horcoff, Charlie Coyle, Josh Bailey, Dustin Penner

MapleLeafs

5 vs 5 Forward 
   Center                   Left Wing                Right Wing               Time % Phy DF OF 
 1 Joe Thornton             Alexander Steen          James Neal               40     0   1  4  
 2 Ryan Kesler              Chris Kunitz             James van Riemsdyk       30     0   1  4  
 3 Brandon Sutter           Gregory Campbell         Lee Stempniak            20     0   4  1  
 4 Zack Smith               Dominic Moore            Matt Beleskey            10     0   5  0  

5 vs 5 Defense 
   Defense                  Defense                                           Time % Phy DF OF 
 1 Drew Doughty             Dan Girardi                                       40     0   3  2  
 2 Karl Alzner              Carl Gunnarsson                                   35     0   3  2  
 3 Jarred Tinordi           Francis Bouillon                                  25     0   4  1  
 4 Drew Doughty             Dan Girardi                                       0      0   4  1  

PowerPlay Forward 
   Center                   Left Wing                Right Wing               Time % Phy DF OF 
 1 Joe Thornton             Alexander Steen          James Neal               60     0   0  5  
 2 Ryan Kesler              Chris Kunitz             James van Riemsdyk       40     0   0  5  

PowerPlay Defense
   Defense                  Defense                                           Time % Phy DF OF 
 1 Drew Doughty             Dan Girardi                                       55     0   1  4  
 2 Karl Alzner              Carl Gunnarsson                                   45     0   1  4  

Penalty Kill 4 Players Forward 
   Center                   Wing                     Time % Phy DF OF 
 1 Brandon Sutter           Alexander Steen          50     0   5  0  
 2 Ryan Kesler              Gregory Campbell         50     0   5  0  

Penalty Kill 4 Players Defense
   Defense                  Defense                  Time % Phy DF OF 
 1 Drew Doughty             Dan Girardi              50     0   5  0  
 2 Karl Alzner              Carl Gunnarsson          50     0   5  0  

Penalty Kill - 3 Players Forward 
   Forward                                           Time % Phy DF OF 
 1 Brandon Sutter                                    50     0   5  0  
 2 Ryan Kesler                                       50     0   5  0  

Penalty Kill - 3 Players Defense
   Defense                  Defense                  Time % Phy DF OF 
 1 Drew Doughty             Dan Girardi              50     0   5  0  
 2 Karl Alzner              Carl Gunnarsson          50     0   5  0  

4 vs 4 Forward 
   Center                   Wing                     Time % Phy DF OF 
 1 Joe Thornton             James Neal               50     0   0  5  
 2 Ryan Kesler              Alexander Steen          50     0   1  4  

4 vs 4 Defense
   Defense                  Defense                  Time % Phy DF OF 
 1 Drew Doughty             Dan Girardi              50     0   1  4  
 2 Karl Alzner              Carl Gunnarsson          50     0   1  4  

Last Minutes Offensive
   Center                   Left Wing                Right Wing               Defense                  Defense                  
   Joe Thornton             Alexander Steen          Ryan Kesler              Drew Doughty             Dan Girardi              

Last Minutes Defensive
   Center                   Left Wing                Right Wing               Defense                  Defense                  
   Joe Thornton             Alexander Steen          Ryan Kesler              Drew Doughty             Dan Girardi              

Goaltenders
Starting : Cory Schneider           
Backup : Evgeni Nabokov           

Extra Forwards
Normal : Brandon Sutter, Lee Stempniak, Zack Smith - PP : Brandon Sutter, Lee Stempniak - PK : Zack Smith
Extra Defensemen
Normal : Carl Gunnarsson, Jarred Tinordi, Karl Alzner - PP : Karl Alzner - PK : Carl Gunnarsson, Jarred Tinordi
Penalty Shots
Joe Thornton, Alexander Steen, Ryan Kesler, James van Riemsdyk, Chris Kunitz

% Time on Ice - Panthers

Lines # - Real PCT - Wanted PCT - Time Play
Normal Forward
1 - 29% - 35% - 13:56
2 - 31% - 30% - 15:10
3 - 28% - 22% - 13:18
4 - 12% - 13% - 5:47
Normal Defense
1 - 29% - 35% - 13:46
2 - 35% - 30% - 16:38
3 - 28% - 22% - 13:32
4 - 9% - 13% - 4:15
PP Forward
1 - 49% - 60% - 3:53
2 - 51% - 40% - 4:03
PP Defense
1 - 61% - 60% - 4:48
2 - 39% - 40% - 3:08
PK Forward
1 - 92% - 60% - 3:35
2 - 8% - 40% - 0:18
PK Defense
1 - 97% - 60% - 3:45
2 - 3% - 40% - 0:08
PK3 Forward
1 - 0% - 60%
2 - 0% - 40%
PK3 Defense
1 - 0% - 60%
2 - 0% - 40%
44 Forward
1 - 0% - 60%
2 - 0% - 40%
44 Defense
1 - 0% - 60%
2 - 0% - 40%
Last Minute Offensive  - 0:00
Last Minute Defensive  - 0:00
Total
Forward - 60:00
Defense - 60:00

% Time on Ice - MapleLeafs

Lines # - Real PCT - Wanted PCT - Time Play
Normal Forward
1 - 34% - 40% - 16:13
2 - 25% - 30% - 12:17
3 - 24% - 20% - 11:30
4 - 17% - 10% - 8:11
Normal Defense
1 - 38% - 40% - 18:23
2 - 34% - 35% - 16:23
3 - 28% - 25% - 13:25
4 - 0% - 0% - 0:00
PP Forward
1 - 54% - 60% - 2:06
2 - 46% - 40% - 1:47
PP Defense
1 - 82% - 55% - 3:11
2 - 18% - 45% - 0:42
PK Forward
1 - 49% - 50% - 3:52
2 - 51% - 50% - 4:04
PK Defense
1 - 56% - 50% - 4:28
2 - 44% - 50% - 3:28
PK3 Forward
1 - 0% - 50%
2 - 0% - 50%
PK3 Defense
1 - 0% - 50%
2 - 0% - 50%
44 Forward
1 - 0% - 50%
2 - 0% - 50%
44 Defense
1 - 0% - 50%
2 - 0% - 50%
Last Minute Offensive  - 0:00
Last Minute Defensive  - 0:00
Total
Forward - 60:00
Defense - 60:00

Play by Play

1st period


0:01 of 1st period - Joe Thornton wins face-off versus Brad Boyes in neutral zone.
0:10 of 1st period - Snap shot by James Neal.
0:10 of 1st period - Deflect By Joe Thornton.
0:10 of 1st period - Stopped by Cal Heeter with a rebound.
0:30 of 1st period - Snap shot by Brad Boyes.
0:30 of 1st period - Stopped by Cory Schneider without a rebound.
0:31 of 1st period - Ryan Kesler wins face-off versus Josh Bailey in MapleLeafs zone.
0:39 of 1st period - Off-side.
0:40 of 1st period - Ryan Kesler wins face-off versus Josh Bailey in neutral zone.
1:13 of 1st period - Snap shot by Josh Bailey.
1:13 of 1st period - Stopped by Cory Schneider with a rebound.
1:15 of 1st period - Wrist shot by Calvin de Haan.
1:15 of 1st period - Stopped by Cory Schneider without a rebound.
1:16 of 1st period - Dustin Penner wins face-off versus Brandon Sutter in MapleLeafs zone.
1:53 of 1st period - Minor Penalty to Jarred Tinordi for Hooking.
1:54 of 1st period - Brad Boyes wins face-off versus Brandon Sutter in MapleLeafs zone.
1:54 of 1st period - Snap shot by Charlie Coyle.
1:54 of 1st period - Deflect By Brad Boyes.
1:54 of 1st period - Stopped by Cory Schneider with a rebound.
2:55 of 1st period - Carl Gunnarsson is hit by Josh Bailey and loses puck.
3:22 of 1st period - Snap shot by Charlie Coyle.
3:22 of 1st period - Shot Hit the Post.
3:53 of 1st period - Penalty to Jarred Tinordi is over, Jarred Tinordi is back on ice.
4:38 of 1st period - Andrei Loktionov is hit by Matt Beleskey and loses puck.
6:33 of 1st period - Brandon Sutter is hit by Paul Ranger and loses puck.
7:12 of 1st period - Snap shot by Dominic Moore.
7:12 of 1st period - Deflect By Matt Beleskey.
7:12 of 1st period - Shot Misses the Net.
7:12 of 1st period - Puck is out of play.
7:13 of 1st period - Joe Thornton wins face-off versus Alex Galchenyuk in Panthers zone.
7:28 of 1st period - Slapshot by Alex Galchenyuk.
7:28 of 1st period - Shot Misses the Net.
7:37 of 1st period - Icing by Dustin Penner.
7:38 of 1st period - Zack Smith wins face-off versus Alex Galchenyuk in Panthers zone.
8:30 of 1st period - Paul Ranger is hit by Drew Doughty and loses puck.
8:39 of 1st period - Carl Gunnarsson is hit by Jakob Silfverberg.
9:07 of 1st period - Slapshot by Lee Stempniak.
9:07 of 1st period - Deflect By Brandon Sutter.
9:07 of 1st period - Goal by Brandon Sutter - Panthers : 0 - MapleLeafs : 1.
9:08 of 1st period - Alex Galchenyuk wins face-off versus Ryan Kesler in neutral zone.
9:11 of 1st period - Slapshot by Matt D'Agostini.
9:11 of 1st period - Stopped by Cory Schneider with a rebound.
9:13 of 1st period - Slapshot by Dustin Penner.
9:13 of 1st period - Stopped by Cory Schneider with a rebound.
9:15 of 1st period - Slapshot by Seth Jones.
9:15 of 1st period - Deflect By Alex Galchenyuk.
9:15 of 1st period - Shot Blocked by Carl Gunnarsson.
9:15 of 1st period - Puck is out of play.
9:16 of 1st period - Ryan Kesler wins face-off versus Alex Galchenyuk in MapleLeafs zone.
9:35 of 1st period - Snap shot by Alex Galchenyuk.
9:35 of 1st period - Shot Blocked by Karl Alzner.
9:37 of 1st period - Snap shot by Matt D'Agostini.
9:37 of 1st period - Shot Misses the Net.
9:39 of 1st period - Slapshot by Marco Scandella.
9:39 of 1st period - Stopped by Cory Schneider without a rebound.
9:40 of 1st period - Brad Boyes wins face-off versus Joe Thornton in MapleLeafs zone.
9:51 of 1st period - Dan Girardi is hit by Brad Boyes and loses puck.
9:56 of 1st period - Snap shot by Charlie Coyle.
9:56 of 1st period - Stopped by Cory Schneider without a rebound.
9:57 of 1st period - Joe Thornton wins face-off versus Brad Boyes in MapleLeafs zone.
10:17 of 1st period - Minor Penalty to Paul Ranger for Hooking.
10:18 of 1st period - Ryan Kesler wins face-off versus Dustin Penner in Panthers zone.
10:28 of 1st period - Snap shot by Chris Kunitz.
10:28 of 1st period - Deflect By James van Riemsdyk.
10:28 of 1st period - Shot Misses the Net.
10:28 of 1st period - Puck is out of play.
10:29 of 1st period - Ryan Kesler wins face-off versus Dustin Penner in Panthers zone.
10:34 of 1st period - Snap shot by James van Riemsdyk.
10:34 of 1st period - Stopped by Cal Heeter with a rebound.
11:08 of 1st period - Dan Girardi is hit by Seth Jones.
11:34 of 1st period - Seth Jones is hit by James Neal and loses puck.
12:17 of 1st period - Penalty to Paul Ranger is over, Paul Ranger is back on ice.
12:34 of 1st period - Snap shot by Brandon Sutter.
12:34 of 1st period - Shot Blocked by Marco Scandella.
13:18 of 1st period - Ron Hainsey is hit by Jarred Tinordi and loses puck.
13:27 of 1st period - Snap shot by Drew Doughty.
13:27 of 1st period - Shot Blocked by David Booth.
13:58 of 1st period - Off-side.
13:59 of 1st period - Joe Thornton wins face-off versus Brad Boyes in neutral zone.
14:12 of 1st period - Snap shot by Joe Thornton.
14:12 of 1st period - Shot Misses the Net.
14:14 of 1st period - Slapshot by James Neal.
14:14 of 1st period - Shot Misses the Net.
14:16 of 1st period - Slapshot by Karl Alzner.
14:16 of 1st period - Shot Misses the Net.
14:18 of 1st period - Slapshot by Carl Gunnarsson.
14:18 of 1st period - Stopped by Cal Heeter with a rebound.
15:09 of 1st period - Minor Penalty to Drew Doughty for High sticking.
15:10 of 1st period - Brandon Sutter wins face-off versus Brad Boyes in MapleLeafs zone.
15:51 of 1st period - Gregory Campbell is hit by Josh Bailey and loses puck.
16:10 of 1st period - Carl Gunnarsson is hit by David Booth and loses puck.
16:25 of 1st period - Paul Ranger is hit by Gregory Campbell and loses puck.
16:36 of 1st period - Brandon Sutter is hit by Calvin de Haan and loses puck.
17:09 of 1st period - Penalty to Drew Doughty is over, Drew Doughty is back on ice.
17:12 of 1st period - Icing by Calvin de Haan.
17:13 of 1st period - Shawn Horcoff wins face-off versus Zack Smith in Panthers zone.
17:13 of 1st period - Shawn Horcoff is hit by Matt Beleskey.
17:19 of 1st period - Slapshot by Calvin de Haan.
17:19 of 1st period - Stopped by Cory Schneider with a rebound.
17:33 of 1st period - Slapshot by Josh Bailey.
17:33 of 1st period - Stopped by Cory Schneider with a rebound.
18:09 of 1st period - Minor Penalty to Zack Smith for Hooking.
18:10 of 1st period - Charlie Coyle wins face-off versus Ryan Kesler in MapleLeafs zone.
19:35 of 1st period - Slapshot by Drew Doughty.
19:35 of 1st period - Goal by Drew Doughty - Panthers : 0 - MapleLeafs : 2.
19:36 of 1st period - Ryan Kesler wins face-off versus Josh Bailey in neutral zone.
Goals for this period are 0 for Panthers vs 2 for MapleLeafs.
Shots for this period are 10 for Panthers vs 5 for MapleLeafs.

2nd period


0:01 of 2nd period - Shawn Horcoff wins face-off versus Brandon Sutter in neutral zone.
0:08 of 2nd period - Snap shot by Brad Boyes.
0:08 of 2nd period - Shot Hit the Post.
0:09 of 2nd period - Penalty to Zack Smith is over, Zack Smith is back on ice.
0:10 of 2nd period - Slapshot by Seth Jones.
0:10 of 2nd period - Deflect By Charlie Coyle.
0:10 of 2nd period - Stopped by Cory Schneider without a rebound.
0:11 of 2nd period - Brandon Sutter wins face-off versus Brad Boyes in MapleLeafs zone.
0:25 of 2nd period - Alexander Steen is hit by Shawn Horcoff.
0:39 of 2nd period - Slapshot by Charlie Coyle.
0:39 of 2nd period - Deflect By Brad Boyes.
0:39 of 2nd period - Shot Misses the Net.
0:39 of 2nd period - Puck is out of play.
0:40 of 2nd period - Ryan Kesler wins face-off versus Dustin Penner in MapleLeafs zone.
0:57 of 2nd period - Snap shot by Matt D'Agostini.
0:57 of 2nd period - Shot Blocked by Dan Girardi.
0:59 of 2nd period - Slapshot by Calvin de Haan.
0:59 of 2nd period - Shot Misses the Net.
1:09 of 2nd period - Backhand shot by Ryan Kesler.
1:09 of 2nd period - Deflect By Dustin Penner.
1:09 of 2nd period - Shot Blocked by Calvin de Haan.
1:09 of 2nd period - Puck is out of play.
1:10 of 2nd period - Joe Thornton wins face-off versus Josh Bailey in Panthers zone.
2:03 of 2nd period - Josh Bailey is hit by Gregory Campbell and loses puck.
2:14 of 2nd period - Snap shot by Lee Stempniak.
2:14 of 2nd period - Deflect By Brandon Sutter.
2:14 of 2nd period - Shot Hit the Post.
2:14 of 2nd period - Puck is out of play.
2:15 of 2nd period - Ryan Kesler wins face-off versus Brad Boyes in Panthers zone.
2:20 of 2nd period - Snap shot by Ryan Kesler.
2:20 of 2nd period - Shot Misses the Net.
2:38 of 2nd period - Snap shot by Chris Kunitz.
2:38 of 2nd period - Stopped by Cal Heeter with a rebound.
2:40 of 2nd period - Wrist shot by Ryan Kesler.
2:40 of 2nd period - Shot Misses the Net.
2:42 of 2nd period - Snap shot by Drew Doughty.
2:42 of 2nd period - Stopped by Cal Heeter without a rebound.
2:43 of 2nd period - Brandon Sutter wins face-off versus Matt D'Agostini in Panthers zone.
2:56 of 2nd period - Snap shot by Brandon Sutter.
2:56 of 2nd period - Stopped by Cal Heeter with a rebound.
2:58 of 2nd period - Wrist shot by Gregory Campbell.
2:58 of 2nd period - Shot Misses the Net.
3:00 of 2nd period - Slapshot by Jarred Tinordi.
3:00 of 2nd period - Shot Misses the Net.
3:14 of 2nd period - Snap shot by Brandon Sutter.
3:14 of 2nd period - Stopped by Cal Heeter without a rebound.
3:15 of 2nd period - Brad Boyes wins face-off versus Joe Thornton in Panthers zone.
3:15 of 2nd period - Brad Boyes is hit by Alexander Steen.
3:32 of 2nd period - Wrist shot by James Neal.
3:32 of 2nd period - Deflect By Joe Thornton.
3:32 of 2nd period - Stopped by Cal Heeter without a rebound.
3:33 of 2nd period - Joe Thornton wins face-off versus Brad Boyes in Panthers zone.
3:40 of 2nd period - Wrist shot by James Neal.
3:40 of 2nd period - Shot Misses the Net.
3:42 of 2nd period - Snap shot by Alexander Steen.
3:42 of 2nd period - Stopped by Cal Heeter with a rebound.
3:44 of 2nd period - Snap shot by Alexander Steen.
3:44 of 2nd period - Stopped by Cal Heeter with a rebound.
3:46 of 2nd period - Slapshot by Drew Doughty.
3:46 of 2nd period - Stopped by Cal Heeter with a rebound.
3:48 of 2nd period - Slapshot by Drew Doughty.
3:48 of 2nd period - Goal by Drew Doughty - Panthers : 0 - MapleLeafs : 3.
3:49 of 2nd period - Ryan Kesler wins face-off versus Dustin Penner in neutral zone.
3:52 of 2nd period - Dustin Penner is hit by Ryan Kesler and loses puck.
4:07 of 2nd period - Slapshot by Chris Kunitz.
4:07 of 2nd period - Shot Misses the Net.
4:09 of 2nd period - Wrist shot by Ryan Kesler.
4:09 of 2nd period - Stopped by Cal Heeter with a rebound.
4:21 of 2nd period - Snap shot by Ryan Kesler.
4:21 of 2nd period - Stopped by Cal Heeter without a rebound.
4:22 of 2nd period - Brad Boyes wins face-off versus Joe Thornton in Panthers zone.
4:59 of 2nd period - Off-side.
5:00 of 2nd period - Josh Bailey wins face-off versus Brandon Sutter in neutral zone.
5:17 of 2nd period - Snap shot by Lee Stempniak.
5:17 of 2nd period - Stopped by Cal Heeter with a rebound.
5:19 of 2nd period - Wrist shot by Dan Girardi.
5:19 of 2nd period - Shot Misses the Net.
5:21 of 2nd period - Slapshot by Dan Girardi.
5:21 of 2nd period - Shot Blocked by Jakob Silfverberg.
5:23 of 2nd period - Wrist shot by Gregory Campbell.
5:23 of 2nd period - Goal by Gregory Campbell - Panthers : 0 - MapleLeafs : 4.
5:23 of 2nd period - Eddie Lack enters game.
5:24 of 2nd period - Joe Thornton wins face-off versus Brad Boyes in neutral zone.
5:29 of 2nd period - Slapshot by James Neal.
5:29 of 2nd period - Shot Misses the Net.
6:30 of 2nd period - Wrist shot by James van Riemsdyk.
6:30 of 2nd period - Shot Blocked by Seth Jones.
6:32 of 2nd period - Slapshot by Karl Alzner.
6:32 of 2nd period - Stopped by Eddie Lack without a rebound.
6:33 of 2nd period - Alex Galchenyuk wins face-off versus Brandon Sutter in Panthers zone.
6:48 of 2nd period - Slapshot by Alex Galchenyuk.
6:48 of 2nd period - Deflect By Dustin Penner.
6:48 of 2nd period - Shot Blocked by Carl Gunnarsson.
6:48 of 2nd period - Puck is out of play.
6:49 of 2nd period - Brandon Sutter wins face-off versus Matt D'Agostini in MapleLeafs zone.
9:17 of 2nd period - Dan Girardi is hit by Marco Scandella and loses puck.
9:50 of 2nd period - Alex Galchenyuk is hit by Lee Stempniak and loses puck.
10:47 of 2nd period - Francis Bouillon is hit by Brad Boyes.
10:59 of 2nd period - Wrist shot by Charlie Coyle.
10:59 of 2nd period - Deflect By Brad Boyes.
10:59 of 2nd period - Stopped by Cory Schneider with a rebound.
11:20 of 2nd period - Colin McDonald is hit by James van Riemsdyk and loses puck.
12:35 of 2nd period - Snap shot by Alex Galchenyuk.
12:35 of 2nd period - Shot Misses the Net.
12:37 of 2nd period - Wrist shot by Dustin Penner.
12:37 of 2nd period - Deflect By Matt D'Agostini.
12:37 of 2nd period - Shot Misses the Net.
12:37 of 2nd period - Puck is out of play.
12:38 of 2nd period - Alex Galchenyuk wins face-off versus Brandon Sutter in MapleLeafs zone.
12:59 of 2nd period - Calvin de Haan is hit by Dan Girardi and loses puck.
13:16 of 2nd period - Wrist shot by Brad Boyes.
13:16 of 2nd period - Shot Blocked by Dan Girardi.
13:18 of 2nd period - Slapshot by Marco Scandella.
13:18 of 2nd period - Shot Misses the Net.
13:20 of 2nd period - Slapshot by Marco Scandella.
13:20 of 2nd period - Shot Misses the Net.
13:39 of 2nd period - Wrist shot by Dustin Penner.
13:39 of 2nd period - Deflect By Alex Galchenyuk.
13:39 of 2nd period - Goal by Alex Galchenyuk - Panthers : 1 - MapleLeafs : 4.
13:40 of 2nd period - Josh Bailey wins face-off versus Joe Thornton in neutral zone.
13:51 of 2nd period - Snap shot by Alexander Steen.
13:51 of 2nd period - Stopped by Eddie Lack with a rebound.
13:53 of 2nd period - Snap shot by Carl Gunnarsson.
13:53 of 2nd period - Deflect By James Neal.
13:53 of 2nd period - Goal by James Neal - Panthers : 1 - MapleLeafs : 5.
13:54 of 2nd period - Joe Thornton wins face-off versus Alex Galchenyuk in neutral zone.
14:06 of 2nd period - Marco Scandella is hit by James Neal and loses puck.
14:41 of 2nd period - Drew Doughty is hit by Matt D'Agostini and loses puck.
15:15 of 2nd period - Ryan Kesler is hit by Dustin Penner and loses puck.
15:58 of 2nd period - Ron Hainsey is hit by Karl Alzner and loses puck.
16:13 of 2nd period - Snap shot by Zack Smith.
16:13 of 2nd period - Shot Misses the Net.
16:15 of 2nd period - Snap shot by Matt Beleskey.
16:15 of 2nd period - Stopped by Eddie Lack with a rebound.
16:17 of 2nd period - Wrist shot by Jarred Tinordi.
16:17 of 2nd period - Shot Misses the Net.
17:11 of 2nd period - Snap shot by Alexander Steen.
17:11 of 2nd period - Stopped by Eddie Lack with a rebound.
17:13 of 2nd period - Slapshot by Drew Doughty.
17:13 of 2nd period - Shot Misses the Net.
17:21 of 2nd period - Snap shot by Alexander Steen.
17:21 of 2nd period - Deflect By James Neal.
17:21 of 2nd period - Goal by James Neal - Panthers : 1 - MapleLeafs : 6.
17:22 of 2nd period - Ryan Kesler wins face-off versus Andrei Loktionov in neutral zone.
17:33 of 2nd period - Karl Alzner is hit by Colin McDonald and loses puck.
18:16 of 2nd period - Karl Alzner is hit by Charlie Coyle and loses puck.
18:29 of 2nd period - Snap shot by James Neal.
18:29 of 2nd period - Stopped by Eddie Lack with a rebound.
18:31 of 2nd period - Slapshot by Drew Doughty.
18:31 of 2nd period - Deflect By James Neal.
18:31 of 2nd period - Stopped by Eddie Lack with a rebound.
18:33 of 2nd period - Wrist shot by Dan Girardi.
18:33 of 2nd period - Shot Blocked by Seth Jones.
18:35 of 2nd period - Slapshot by Dan Girardi.
18:35 of 2nd period - Stopped by Eddie Lack with a rebound.
18:37 of 2nd period - Slapshot by Drew Doughty.
18:37 of 2nd period - Deflect By James Neal.
18:37 of 2nd period - Shot Misses the Net.
18:37 of 2nd period - Puck is out of play.
18:38 of 2nd period - Alex Galchenyuk wins face-off versus Lee Stempniak in Panthers zone.
18:45 of 2nd period - Slapshot by Alex Galchenyuk.
18:45 of 2nd period - Shot Misses the Net.
19:07 of 2nd period - Wrist shot by Lee Stempniak.
19:07 of 2nd period - Shot Blocked by Calvin de Haan.
19:09 of 2nd period - Slapshot by Dan Girardi.
19:09 of 2nd period - Stopped by Eddie Lack with a rebound.
19:11 of 2nd period - Slapshot by Dan Girardi.
19:11 of 2nd period - Stopped by Eddie Lack with a rebound.
19:13 of 2nd period - Snap shot by Gregory Campbell.
19:13 of 2nd period - Stopped by Eddie Lack without a rebound.
19:14 of 2nd period - Joe Thornton wins face-off versus David Booth in Panthers zone.
19:21 of 2nd period - Jakob Silfverberg is hit by Jarred Tinordi and loses puck.
19:50 of 2nd period - Snap shot by Joe Thornton.
19:50 of 2nd period - Stopped by Eddie Lack without a rebound.
19:51 of 2nd period - Alex Galchenyuk wins face-off versus James van Riemsdyk in Panthers zone.
19:53 of 2nd period - Minor Penalty to Alex Galchenyuk for Holding.
19:54 of 2nd period - Dustin Penner wins face-off versus Ryan Kesler in Panthers zone.
19:58 of 2nd period - Chris Kunitz is hit by Shawn Horcoff.
Goals for this period are 1 for Panthers vs 4 for MapleLeafs.
Shots for this period are 3 for Panthers vs 26 for MapleLeafs.

3rd period


0:01 of 3rd period - Joe Thornton wins face-off versus Dustin Penner in neutral zone.
0:04 of 3rd period - Seth Jones is hit by Joe Thornton and loses puck.
0:13 of 3rd period - Slapshot by Seth Jones.
0:13 of 3rd period - Deflect By Alexander Steen.
0:13 of 3rd period - Stopped by Cory Schneider with a rebound.
0:51 of 3rd period - Wrist shot by James van Riemsdyk.
0:51 of 3rd period - Goal by James van Riemsdyk - Panthers : 1 - MapleLeafs : 7.
0:52 of 3rd period - Josh Bailey wins face-off versus Ryan Kesler in neutral zone.
0:59 of 3rd period - Slapshot by Calvin de Haan.
0:59 of 3rd period - Stopped by Cory Schneider with a rebound.
1:01 of 3rd period - Slapshot by Calvin de Haan.
1:01 of 3rd period - Stopped by Cory Schneider without a rebound.
1:02 of 3rd period - Josh Bailey wins face-off versus Ryan Kesler in MapleLeafs zone.
1:30 of 3rd period - Snap shot by Josh Bailey.
1:30 of 3rd period - Deflect By Jakob Silfverberg.
1:30 of 3rd period - Shot Blocked by Carl Gunnarsson.
1:30 of 3rd period - Puck is out of play.
1:31 of 3rd period - Joe Thornton wins face-off versus Brad Boyes in MapleLeafs zone.
1:57 of 3rd period - Wrist shot by James Neal.
1:57 of 3rd period - Deflect By Alexander Steen.
1:57 of 3rd period - Stopped by Eddie Lack without a rebound.
1:58 of 3rd period - Alex Galchenyuk wins face-off versus Brandon Sutter in Panthers zone.
1:58 of 3rd period - Alex Galchenyuk is hit by Brandon Sutter.
2:30 of 3rd period - Snap shot by Brandon Sutter.
2:30 of 3rd period - Deflect By Gregory Campbell.
2:30 of 3rd period - Goal by Gregory Campbell - Panthers : 1 - MapleLeafs : 8.
2:30 of 3rd period - Cal Heeter enters game.
2:31 of 3rd period - Joe Thornton wins face-off versus Brad Boyes in neutral zone.
2:47 of 3rd period - Off-side.
2:48 of 3rd period - Joe Thornton wins face-off versus Brad Boyes in neutral zone.
3:40 of 3rd period - David Booth is hit by Ryan Kesler and loses puck.
3:51 of 3rd period - Karl Alzner is hit by David Booth and loses puck.
3:58 of 3rd period - Slapshot by Josh Bailey.
3:58 of 3rd period - Stopped by Cory Schneider with a rebound.
4:00 of 3rd period - Slapshot by Paul Ranger.
4:00 of 3rd period - Shot Blocked by Karl Alzner.
4:41 of 3rd period - Wrist shot by Alex Galchenyuk.
4:41 of 3rd period - Shot Misses the Net.
5:04 of 3rd period - Wrist shot by Francis Bouillon.
5:04 of 3rd period - Stopped by Cal Heeter without a rebound.
5:05 of 3rd period - Andrei Loktionov wins face-off versus Zack Smith in Panthers zone.
5:19 of 3rd period - Snap shot by Zack Smith.
5:19 of 3rd period - Shot Misses the Net.
5:59 of 3rd period - Drew Doughty is hit by Ron Hainsey and loses puck.
6:07 of 3rd period - Icing by Drew Doughty.
6:08 of 3rd period - Joe Thornton wins face-off versus Alex Galchenyuk in MapleLeafs zone.
6:36 of 3rd period - Wrist shot by Alex Galchenyuk.
6:36 of 3rd period - Stopped by Cory Schneider without a rebound.
6:37 of 3rd period - Brad Boyes wins face-off versus Ryan Kesler in MapleLeafs zone.
7:40 of 3rd period - Slapshot by Lee Stempniak.
7:40 of 3rd period - Stopped by Cal Heeter without a rebound.
7:41 of 3rd period - Joe Thornton wins face-off versus Josh Bailey in Panthers zone.
7:59 of 3rd period - Slapshot by Marco Scandella.
7:59 of 3rd period - Shot Misses the Net.
8:01 of 3rd period - Slapshot by Marco Scandella.
8:01 of 3rd period - Shot Blocked by Alexander Steen.
8:05 of 3rd period - Snap shot by Josh Bailey.
8:05 of 3rd period - Stopped by Cory Schneider without a rebound.
8:06 of 3rd period - Brandon Sutter wins face-off versus Alex Galchenyuk in MapleLeafs zone.
8:24 of 3rd period - Off-side.
8:25 of 3rd period - Matt D'Agostini wins face-off versus Brandon Sutter in neutral zone.
8:34 of 3rd period - Jarred Tinordi is hit by Alex Galchenyuk and loses puck.
8:47 of 3rd period - Wrist shot by Lee Stempniak.
8:47 of 3rd period - Stopped by Cal Heeter with a rebound.
8:49 of 3rd period - Slapshot by Jarred Tinordi.
8:49 of 3rd period - Stopped by Cal Heeter with a rebound.
8:51 of 3rd period - Slapshot by Jarred Tinordi.
8:51 of 3rd period - Stopped by Cal Heeter with a rebound.
8:53 of 3rd period - Wrist shot by Jarred Tinordi.
8:53 of 3rd period - Shot Misses the Net.
9:13 of 3rd period - Ron Hainsey is hit by Joe Thornton.
9:19 of 3rd period - Josh Bailey is hit by Francis Bouillon.
9:28 of 3rd period - Snap shot by Josh Bailey.
9:28 of 3rd period - Stopped by Cory Schneider with a rebound.
9:34 of 3rd period - David Booth is hit by Francis Bouillon and loses puck.
10:05 of 3rd period - Snap shot by Ryan Kesler.
10:05 of 3rd period - Shot Blocked by David Booth.
10:07 of 3rd period - Wrist shot by Ryan Kesler.
10:07 of 3rd period - Shot Misses the Net.
10:09 of 3rd period - Slapshot by Dan Girardi.
10:09 of 3rd period - Goal by Dan Girardi - Panthers : 1 - MapleLeafs : 9.
10:10 of 3rd period - Brad Boyes wins face-off versus Brandon Sutter in neutral zone.
10:17 of 3rd period - Snap shot by Brad Boyes.
10:17 of 3rd period - Shot Misses the Net.
11:04 of 3rd period - Snap shot by Alex Galchenyuk.
11:04 of 3rd period - Deflect By Matt D'Agostini.
11:04 of 3rd period - Stopped by Cory Schneider without a rebound.
11:05 of 3rd period - Joe Thornton wins face-off versus Alex Galchenyuk in MapleLeafs zone.
11:27 of 3rd period - Minor Penalty to James Neal for Elbowing.
11:28 of 3rd period - Josh Bailey wins face-off versus Ryan Kesler in MapleLeafs zone.
11:28 of 3rd period - Snap shot by Alex Galchenyuk.
11:28 of 3rd period - Stopped by Cory Schneider without a rebound.
11:29 of 3rd period - Ryan Kesler wins face-off versus Dustin Penner in MapleLeafs zone.
11:50 of 3rd period - Slapshot by Gregory Campbell.
11:50 of 3rd period - Stopped by Cal Heeter with a rebound.
12:26 of 3rd period - Marco Scandella is hit by Alexander Steen and loses puck.
13:25 of 3rd period - Wrist shot by Alex Galchenyuk.
13:25 of 3rd period - Shot Misses the Net.
13:27 of 3rd period - Penalty to James Neal is over, James Neal is back on ice.
13:47 of 3rd period - Wrist shot by Andrei Loktionov.
13:47 of 3rd period - Shot Misses the Net.
13:49 of 3rd period - Wrist shot by Andrei Loktionov.
13:49 of 3rd period - Shot Misses the Net.
13:51 of 3rd period - Snap shot by Paul Ranger.
13:51 of 3rd period - Deflect By Colin McDonald.
13:51 of 3rd period - Shot Blocked by Francis Bouillon.
13:51 of 3rd period - Puck is out of play.
13:52 of 3rd period - Matt Beleskey wins face-off versus Andrei Loktionov in MapleLeafs zone.
16:24 of 3rd period - Slapshot by Marco Scandella.
16:24 of 3rd period - Shot Blocked by Drew Doughty.
16:26 of 3rd period - Snap shot by Jake Gardiner.
16:26 of 3rd period - Deflect By Drew Doughty.
16:26 of 3rd period - Stopped by Cory Schneider without a rebound.
16:27 of 3rd period - Zack Smith wins face-off versus Andrei Loktionov in MapleLeafs zone.
17:22 of 3rd period - David Booth is hit by James Neal and loses puck.
18:29 of 3rd period - Backhand shot by David Booth.
18:29 of 3rd period - Deflect By Josh Bailey.
18:29 of 3rd period - Shot Blocked by Drew Doughty.
18:29 of 3rd period - Puck is out of play.
18:30 of 3rd period - Ryan Kesler wins face-off versus Josh Bailey in MapleLeafs zone.
18:49 of 3rd period - Snap shot by Alex Galchenyuk.
18:49 of 3rd period - Shot Misses the Net.
18:51 of 3rd period - Slapshot by Marco Scandella.
18:51 of 3rd period - Stopped by Cory Schneider with a rebound.
18:53 of 3rd period - Snap shot by Seth Jones.
18:53 of 3rd period - Stopped by Cory Schneider with a rebound.
18:55 of 3rd period - Slapshot by Seth Jones.
18:55 of 3rd period - Stopped by Cory Schneider without a rebound.
18:56 of 3rd period - Joe Thornton wins face-off versus Alex Galchenyuk in MapleLeafs zone.
18:56 of 3rd period - Joe Thornton is hit by Dustin Penner.
19:03 of 3rd period - Minor Penalty to Paul Ranger for Hooking.
19:04 of 3rd period - Joe Thornton wins face-off versus Dustin Penner in Panthers zone.
19:58 of 3rd period - Dustin Penner is hit by Dan Girardi and loses puck.
Goals for this period are 0 for Panthers vs 3 for MapleLeafs.
Shots for this period are 13 for Panthers vs 10 for MapleLeafs.


Output by the SimonT Hockey Simulator (STHS) for Eric Dolegowski -- Original Page W3C XHTML 1.0 Valid
Hockey Simulator - Hockey Simulation - Hockey Manager